 Dungeon Crawl Stone Soup version 0.16.1-16-gc44b35d (webtiles) character file.

12114 draider the Destroyer (level 11, -15/64 HPs)
             Began as a Gargoyle Wizard on Apr 16, 2015.
             Was an Elder of Vehumet.
             Demolished by a white ugly thing (35 damage)
             ... on level 10 of the Dungeon on Apr 17, 2015.
             The game lasted 01:49:24 (16960 turns).

draider the Destroyer (Gargoyle Wizard)            Turns: 16960, Time: 01:49:25

Health: -15/64     AC: 21    Str: 10    XL:     11   Next: 88%
Magic:  10/27      EV: 15    Int: 23    God:    Vehumet [****..]
Gold:   629        SH:  0    Dex:  8    Spells: 7 memorised, 11 levels left

rFire  . . .     SeeInvis .     y - +2 mace (protect)
rCold  . . .     Clarity  .     Z - +0 mottled dragon armour
rNeg   + . .     SustAb   .     (no shield)
rPois  ∞         Gourm    .     P - +0 helmet
rElec  +         Spirit   .     (no cloak)
rCorr  .         Warding  .     U - +0 pair of gloves
rMut   .         Stasis   .     (no boots)
MR     +....                    (no amulet)
Stlth  +.........               R - +4 ring of evasion
                                J - ring of protection from magic

@: repel missiles, somewhat resistant to hostile enchantments, very unstealthy
A: negative energy resistance 1, electricity resistance, unbreathing,
petrification resistance, rot immunity, AC +7
a: Renounce Religion


You were on level 10 of the Dungeon.
You worshipped Vehumet.
Vehumet was greatly pleased with you.
You were not hungry.

You visited 2 branches of the dungeon, and saw 12 of its levels.

You collected 629 gold pieces.

Inventory:

Hand weapons
 y - a +2 mace of protection (weapon)
 D - a +0 whip of freezing
Missiles
 j - 44 stones (quivered)
Armour
 F - a cursed +0 pair of boots
 K - a +0 steam dragon armour
 P - a +0 helmet (worn)
 Q - a +0 shield
 U - a +0 pair of gloves (worn)
 W - the +1 ring mail "Khuqanou" {rC++ Str+2, unknown}
   (You took it off an orc on level 10 of the Dungeon)

   It affects your strength (+2).
   It greatly protects you from cold.
 Z - a +0 mottled dragon armour (worn)
Jewellery
 g - an uncursed amulet of stasis
 k - an uncursed ring of teleportation
 C - an uncursed ring of flight
 J - a ring of protection from magic (left hand)
 R - a +4 ring of evasion (right hand)
 Y - an uncursed ring of positive energy
Magical devices
 a - a wand of random effects (15)
 x - a wand of frost (26)
 O - a wand of polymorph (6)
 X - a wand of disintegration (7)
Scrolls
 i - 2 scrolls of random uselessness {unknown}
 m - 4 scrolls of enchant weapon {unknown}
 o - a scroll of remove curse
 r - 2 scrolls of noise {unknown}
 t - a scroll of fog {unknown}
 u - 2 scrolls of amnesia {unknown}
 w - 5 scrolls of recharging {unknown}
 A - a scroll of acquirement {unknown}
 B - 2 scrolls of magic mapping {unknown}
 H - a scroll of vulnerability {unknown}
 N - 2 scrolls of fear {unknown}
 S - a scroll of teleportation {unknown}
Potions
 b - a potion of degeneration {unknown}
 e - 2 potions of might
 f - 5 potions of heal wounds {unknown}
 h - a potion of ambrosia {unknown}
 l - 2 potions of haste
 s - a potion of mutation {unknown}
 v - 4 potions of flight {unknown}
 G - a potion of berserk rage {unknown}
 L - 2 potions of agility
 M - 2 potions of curing {unknown}
 T - a potion of poison {unknown}
Books
 c - a book of Minor Magic

   Spells                             Type                      Level
   a - Magic Dart                     Conjuration                  1
   b - Blink                          Translocation                2
   c - Call Imp                       Summoning                    2
   d - Repel Missiles                 Charms/Air                   2
   e - Slow                           Hexes                        2
   f - Conjure Flame                  Conjuration/Fire             3
   g - Mephitic Cloud                 Conjuration/Poison/Air       3
Comestibles
 d - 7 bread rations
 n - 2 beef jerkies
 p - 25 fruits
 z - 2 meat rations
 E - 3 slices of pizza
 I - 11 royal jellies


   Skills:
 - Level 6.0 Fighting
 + Level 7.7 Maces & Flails
 + Level 4.0 Armour
 - Level 1.5 Dodging
 - Level 2.1 Stealth
 + Level 8.3 Spellcasting
 + Level 8.9 Conjurations
   Level 0.8 Summonings
 - Level 0.8 Translocations
 + Level 7.2 Fire Magic
 + Level 5.5 Air Magic
 - Level 2.5 Poison Magic


You had 11 spell levels left.
You knew the following spells:

 Your Spells              Type           Power        Failure   Level  Hunger
a - Magic Dart            Conj           ####         1%          1    None
b - Blink                 Tloc           N/A          14%         2    None
c - Mephitic Cloud        Conj/Pois/Air  #####...     1%          3    None
d - Conjure Flame         Conj/Fire      #####...     1%          3    None
e - Repel Missiles        Chrm/Air       ###...       8%          2    None
f - Searing Ray           Conj           ######       1%          2    None
g - Throw Frost           Conj/Ice       ####..       1%          2    None


Dungeon Overview and Level Annotations

Branches:
Dungeon (11/15)            Temple (1/1) D:5             Orc (0/4) D:11
   Lair: D:8-11

Altars:
Ashenzari
Cheibriados
Dithmenos
Elyvilon
Fedhas
Gozag
Kikubaaqudgha
Makhleb
Nemelex Xobeh
Okawaru
Qazlal
Ru
Sif Muna
Trog
Vehumet
Xom
Yredelemnul
Zin
The Shining One
Beogh


Innate Abilities, Weirdness & Mutations

You are resistant to torment.
You are immune to poison.
Your stone body is very resilient (AC +7).
You resist negative energy.
You are resistant to electric shocks.
You can survive without breathing.
You are immune to petrification.
You are immune to rotting.


Message History

There is a stone staircase leading down here.
Casting: Searing Ray
Confirm with . or Enter, or press ? or * to list all spells.
You blink.
Casting: Blink
Confirm with . or Enter, or press ? or * to list all spells.
You blink.
All of the chunks of flesh in your inventory have rotted away.
You open the door.
Casting: Blink
Confirm with . or Enter, or press ? or * to list all spells.
You blink.
There is an open door here.
There is an open door here.
A hill giant comes into view. It is wielding a giant spiked club.
The hill giant shouts!
There is a stone staircase leading up here.
The white ugly thing gores you. The white ugly thing freezes you!!
Ouch! That really hurt!
You die...

..##### ##.#### ..# ##§§§## ###
###§#§#.## # ##########
#..§§_.§.. ######## #........#
#.#§#§#.#. .......###..C.....####
#.§#§§§#..
(......#.'........'..####..#§#§..
.......'.#.....)[u##....'........
.......###.....[@.#######........
.......# ####'###########..).....
.......# ##.# #......).......
###'#### #..# ##.#.#.#.#...###
....# ###.#####...........####
##### #...[).[...#.#.#.#......
######## #.......................
.......# #..........#.#.#.#......
.......###.....................>.


You could see a white ugly thing and a hill giant.

Vanquished Creatures
  Josephine (D:10)
  Nergalle (D:9)
  A hill giant (D:10)
  Pikel (D:7)
  Psyche (D:10)
  A troll (D:10)
  Sonja (D:10)
  Prince Ribbit (D:7)
  A two-headed ogre (D:9)
  2 humans (D:7)
  A shadow (D:11)
  5 wraiths (D:10)
  A wyvern (D:9)
  3 steam dragons
  6 yaks (D:9)
  2 hungry ghosts (D:8)
  A hippogriff (D:7)
  Edmund (D:9)
  Menkaure (D:6)
  A mottled dragon (D:11)
  A wasp (D:10)
  2 slaves (D:7)
  A black bear (D:9)
  5 orc warriors
  3 phantoms
  A sky beast (D:7)
  4 centaurs
  3 ogres
  A necrophage (D:6)
  Duvessa (D:7)
  2 big kobolds
  4 giant frogs
  3 scorpions
  28 killer bees
  4 wights
  A centaur zombie (D:9)
  A goliath beetle (D:8)
  2 crimson imps
  Dowan (D:7)
  2 wasp zombies (D:10)
  6 jellies
  2 quasits
  5 worker ants
  7 orc priests
  2 giant frog skeletons
  9 hounds
  6 orc wizards
  6 iguanas
  Natasha (thrice) (D:3)
  A hound zombie (D:6)
  A hound skeleton (D:2)
  Robin (D:1)
  2 worker ant zombies
  15 adders
  3 shadow imps
  2 river rats (D:4)
  2 worms (D:2)
  4 adder skeletons
  An adder zombie (D:6)
  9 giant geckos
  5 oozes (D:8)
  78 orcs
  3 ball pythons
  3 bat zombies
  10 giant cockroaches
  21 goblins
  23 hobgoblins
  12 jackals
  7 quokkas
  20 bats
  A giant cockroach zombie (D:2)
  2 giant gecko skeletons
  5 giant newts
  2 gnoll zombies (D:6)
  A jackal zombie (D:2)
  31 kobolds
  13 rats
  4 ballistomycetes (D:4)
431 creatures vanquished.

Vanquished Creatures (collateral kills)
  A kobold (D:7)
1 creature vanquished.

Vanquished Creatures (others)
  2 slaves (D:7)
  2 giant spores
4 creatures vanquished.

Grand Total: 436 creatures vanquished

Notes
Turn   | Place    | Note
--------------------------------------------------------------
     0 | D:1      | draider, the Gargoyle Wizard, began the quest for the Orb.
     0 | D:1      | Reached XP level 1. HP: 10/10 MP: 4/4
   413 | D:1      | Reached XP level 2. HP: 15/15 MP: 1/6
   626 | D:1      | Learned a level 2 spell: Blink
  1161 | D:1      | Reached XP level 3. HP: 19/19 MP: 5/8
  1626 | D:2      | Noticed Robin
  2217 | D:2      | Reached skill level 4 in Spellcasting
  2217 | D:2      | Reached XP level 4. HP: 15/24 MP: 0/11
  2329 | D:2      | Learned a level 3 spell: Mephitic Cloud
  2873 | D:1      | Killed Robin
  3144 | D:2      | Reached skill level 1 in Fighting
  3248 | D:2      | Reached XP level 5. HP: 29/29 MP: 2/13
  3387 | D:2      | Found a bloodstained altar of Trog.
  3632 | D:2      | Reached skill level 1 in Maces & Flails
  4281 | D:3      | Reached XP level 6. HP: 34/36 MP: 8/15
  4559 | D:3      | Noticed Natasha
  4571 | D:3      | Killed Natasha
  4719 | D:3      | Noticed Natasha
  4720 | D:3      | Killed Natasha
  4799 | D:3      | Found a burning altar of Makhleb.
  5379 | D:3      | Noticed Natasha
  5383 | D:3      | Killed Natasha
  5731 | D:4      | Found a shattered altar of Ashenzari.
  5769 | D:4      | Reached XP level 7. HP: 25/40 MP: 11/18
  5958 | D:4      | Reached skill level 1 in Poison Magic
  6821 | D:4      | You fall through a shaft for 3 floors!
  6821 | D:7      | Noticed Pikel
  6868 | D:7      | Killed Pikel
  6868 | D:7      | Reached skill level 5 in Spellcasting
  6868 | D:7      | Reached skill level 5 in Conjurations
  6868 | D:7      | Reached XP level 8. HP: 45/48 MP: 11/20
  6941 | D:7      | Learned a level 3 spell: Conjure Flame
  6986 | D:7      | Found an iron altar of Okawaru.
  6989 | D:7      | Noticed a human
  6989 | D:7      | Noticed a human
  6998 | D:7      | Killed a human
  7006 | D:7      | Killed a human
  7006 | D:7      | Reached skill level 1 in Fire Magic
  7006 | D:7      | Reached skill level 1 in Air Magic
  7112 | D:7      | Noticed Duvessa
  7112 | D:7      | Noticed Dowan
  7130 | D:7      | Killed Dowan
  7162 | D:7      | Killed Duvessa
  7319 | D:6      | Noticed Menkaure
  7458 | D:6      | Found a basalt altar of Yredelemnul.
  7610 | D:6      | Reached skill level 5 in Fighting
  7678 | D:6      | Reached XP level 9. HP: 25/54 MP: 5/22
  7877 | D:6      | Killed Menkaure
  7890 | D:6      | Reached skill level 6 in Conjurations
  8001 | D:5      | Entered Level 5 of the Dungeon
  8570 | D:5      | Found a deep blue altar of Sif Muna.
  9010 | D:5      | Found a staircase to the Ecumenical Temple.
  9515 | D:6      | Found a shimmering altar of Xom.
 10068 | Temple   | Entered the Ecumenical Temple
 10142 | Temple   | Became a worshipper of Vehumet
 10777 | D:7      | Reached skill level 5 in Maces & Flails
 10904 | D:7      | Found a blossoming altar of Fedhas.
 11056 | D:7      | Noticed Prince Ribbit
 11301 | D:7      | Killed Prince Ribbit
 11301 | D:7      | Reached skill level 7 in Conjurations
 11301 | D:7      | Reached XP level 10. HP: 60/60 MP: 9/24
 11879 | D:8      | Acquired Vehumet's first power
 11879 | D:8      | Offered knowledge of Flame Tongue by Vehumet.
 12028 | D:7      | Learned a level 2 spell: Repel Missiles
 12092 | D:8      | Reached skill level 5 in Fire Magic
 12624 | D:8      | Offered knowledge of Searing Ray by Vehumet.
 12629 | D:8      | Learned a level 2 spell: Searing Ray
 13307 | D:9      | Noticed Edmund
 13332 | D:9      | Offered knowledge of Throw Frost by Vehumet.
 13374 | D:9      | Learned a level 2 spell: Throw Frost
 13403 | D:9      | Killed Edmund
 13553 | D:9      | Acquired Vehumet's second power
 13553 | D:9      | Reached skill level 8 in Conjurations
 14079 | D:9      | Reached XP level 11. HP: 55/64 MP: 20/26
 14253 | D:9      | Found a stormy altar of Qazlal.
 14330 | D:9      | Found a roughly hewn altar of Beogh.
 14412 | D:9      | Reached skill level 1 in Armour
 14614 | D:9      | Offered knowledge of Stone Arrow by Vehumet.
 14685 | D:10     | Entered Level 10 of the Dungeon
 14694 | D:10     | Noticed Sonja
 14695 | D:10     | Noticed Psyche
 14705 | D:10     | Killed Sonja
 14745 | D:10     | Killed Psyche
 14871 | D:10     | Found a shadowy altar of Dithmenos.
 14959 | D:10     | Reached skill level 5 in Air Magic
 15164 | D:10     | Noticed Nergalle
 15235 | D:9      | Killed Nergalle
 15361 | D:10     | Got a smoking ring mail
 15519 | D:10     | Noticed Josephine
 15745 | D:10     | Killed Josephine
 15745 | D:10     | Acquired Vehumet's third power
 15870 | D:10     | Noticed a hill giant
 15900 | D:10     | Killed a hill giant
 15900 | D:10     | Offered knowledge of Static Discharge by Vehumet.
 16571 | D:11     | Found a staircase to the Orcish Mines.
 16958 | D:10     | Noticed a hill giant
 16960 | D:10     | Demolished by a white ugly thing

Action                   |  1- 3 |  4- 6 |  7- 9 | 10-12 || total
-------------------------+-------+-------+-------+-------++-------
Melee: Unarmed           |     5 |       |       |       ||     5
       Short sword       |     4 |       |       |       ||     4
       Club              |    11 |    17 |       |       ||    28
       Mace              |       |    95 |   258 |   523 ||   876
Throw: Stone             |       |       |       |     2 ||     2
 Cast: Magic Dart        |   101 |   236 |   232 |   171 ||   740
       Mephitic Cloud    |       |     2 |    21 |    47 ||    70
       Conjure Flame     |       |       |    12 |     7 ||    19
       Searing Ray       |       |       |       |    71 ||    71
       Throw Frost       |       |       |       |    17 ||    17
       Repel Missiles    |       |       |       |     2 ||     2
       Blink             |       |       |       |     3 ||     3
  Use: Scroll            |       |       |     4 |     3 ||     7
 Stab: Confused          |       |       |     8 |    13 ||    21
       Sleeping          |       |       |       |     1 ||     1
  Eat: Chunk             |     4 |    11 |    17 |    15 ||    47
       Fruit             |       |       |     1 |       ||     1
       Meat ration       |       |       |       |     1 ||     1
